AoeStats
← pouletfarci

Arabia

510066865Analyzed
1v1 RM · 4d ago on Sep 29, 2026· 26m 51s· 2 players
Game mode
Random Map
Map size
Tiny (2 player)
Population
200
Speed
Normal
Resources
Standard
Victory
Conquest
Starting age
Dark Age
Ending age
Imperial Age
RankedLock teamsTeams togetherTeam positionsShared explorationLock speedFull tech treeHidden civsTurbo modeCheats
Victory
Defeat
🇫🇷 Vikings · France
1115
+14
🇸🇰 Byzantines · Slovakia
1073
-14
abcplay
8:30 Loom
10:39 Feudal Age
12:30 Double-Bit Axe
12:38 Stone Mining
pouletfarci
2:37 Loom
2:48 Loom
9:42 Feudal Age
10:46 Double-Bit Axe
13:28 Fletching
22:09 Castle Age
21:13 Scale Mail Armor
21:24 Forging
21:35 Horse Collar
23:10 Chain Mail Armor
26:18 Squires
Connection lost

Rejoining the realm…

Still unreachable

The connection could not be restored.

Session expired

The server has moved on; the page needs a fresh start.